 Dungeon Crawl Stone Soup version 0.29-a0-234-g0dae59b3db (webtiles) character file.

Game seed: 2936106211248673561

26939 Crownlay the Severer (level 13, -3/119 HPs)
             Began as a Hill Orc Fighter on Mar 2, 2022.
             Was the Champion of Okawaru.
             Killed by mirror damage (5 damage)
             ... on level 14 of the Dungeon.
             The game lasted 00:39:05 (15674 turns).

Crownlay the Severer (Hill Orc Fighter)            Turns: 15674, Time: 00:39:06

Health: -3/119     AC: 26    Str: 30    XL:     13   Next: 29%
Magic:  16/22      EV: 10    Int:  8    God:    Okawaru [******]
Gold:   730        SH:  7    Dex: 10    Spells: 12/12 levels left

rFire   + . .      SeeInvis +   L - +0 war axe (freeze)
rCold   . . .      Faith    .   c - +0 buckler
rNeg    . . .      Spirit   .   u - +1 chain mail {rF+}
rPois   .          Reflect  .   a - +0 helmet
rElec   +          Harm     .   K - +2 cloak
rCorr   .          Rampage  .   s - +2 pair of gloves
Will    ++...                   l - +2 pair of boots "Oneypres" {rElec Will++ Slay+2}
Stlth   ..........              i - amulet of regeneration
HPRegen 1.09/turn               p - +6 ring of strength
MPRegen 0.18/turn               o - ring of see invisible

@: heroic, finesse-ful
A: no striking features
a: Renounce Religion, Heroism, Finesse, Duel


You were on level 14 of the Dungeon.
You worshipped Okawaru.
Okawaru was exalted by your worship.
You visited 2 branches of the dungeon, and saw 15 of its levels.
You also visited: Gauntlet.

You collected 828 gold pieces.
You spent 98 gold pieces at shops.

Inventory:

Hand Weapons
 L - a +0 war axe of freezing (weapon)
 O - the +12 flail of Righteous Fury {speed, Fly rElec Str-4 Int+2}
   (You found it on level 12 of the Dungeon)

   Attacks with this weapon are significantly faster.
   Str:       It affects your strength (-4).
   Int:       It affects your intelligence (+2).
   rElec:     It insulates you from electricity.
   Fly:       It grants you flight.
Missiles
 d - 18 javelins
 y - 5 boomerangs (quivered)
 B - 6 silver javelins
Armour
 a - a +0 helmet (worn)
 c - a +0 buckler (worn)
 l - the +2 pair of boots "Oneypres" (worn) {rElec Will++ Slay+2}
   (You found it in a Gauntlet)

   Slay:      It affects your accuracy & damage with ranged weapons and melee
   (+2).
   rElec:     It insulates you from electricity.
   Will:      It greatly increases your willpower.
 r - a +3 plate armour of fire resistance
 s - a +2 pair of gloves (worn)
 u - a +1 chain mail of fire resistance (worn)
 K - a +2 cloak (worn)
 P - the +3 hat of Pondering {ponderous, Will+ MP+10 Int+5}
   (You took it off Gastronok on level 12 of the Dungeon)

   Int:       It affects your intelligence (+5).
   MP:        It affects your magic capacity (+10).
   Will:      It increases your willpower.
Jewellery
 g - a ring of fire
 i - an amulet of regeneration (around neck)
 j - a ring of protection from fire
 o - a ring of see invisible (right hand)
 p - a +6 ring of strength (left hand)
 q - a +4 ring of protection
 v - a ring of flight
 M - an amulet of the acrobat
Wands
 D - a wand of iceblast (2)
 G - a wand of polymorph (3)
 J - a wand of flame (29)
Scrolls
 b - 2 scrolls of enchant weapon
 e - 4 scrolls of teleportation
 k - 4 scrolls of fear
 t - a scroll of amnesia {unknown}
 w - a scroll of enchant armour
 x - a scroll of blinking {unknown}
 C - a scroll of noise {unknown}
 F - a scroll of silence {unknown}
 H - a scroll of fog
 I - a scroll of brand weapon {unknown}
Potions
 f - 2 potions of curing
 h - 2 potions of brilliance
 m - 2 potions of might
 n - 2 potions of invisibility
 z - 2 potions of lignification {unknown}
 A - a potion of mutation {unknown}
 E - a potion of attraction {unknown}
Miscellaneous
 N - a phial of floods


   Skills:
 * Level 12.3(17.3) Fighting
 - Level 16.0(21.0) Axes
 + Level 6.3(11.3) Throwing
 + Level 9.4(14.4) Armour
 + Level 8.5(13.5) Shields
 - Level 12.0 Invocations


You had 12 spell levels left.
You didn't know any spells.
Your spell library contained the following spells:

 Spells                   Type           Power      Damage    Failure   Level
 Magic Dart               Conj           0%         1d3       86%         1
 Slow                     Hex            0%         N/A       86%         1
 Blink                    Tloc           0%         N/A       94%         2
 Ensorcelled Hibernation  Hex/Ice        0%         N/A       94%         2
 Passwall                 Tmut/Erth      0%         N/A       94%         2
 Confusing Touch          Hex            0%         N/A       99%         3
 Mephitic Cloud           Conj/Pois/Air  0%         N/A       99%         3
 Spider Form              Tmut/Pois      0%         N/A       99%         3
 Swiftness                Air            0%         N/A       99%         3
 Vampiric Draining        Necr           0%         2d6       99%         3
 Anguish                  Hex/Necr       0%         N/A       100%        4
 Hailstorm                Conj/Ice       0%         3d3       100%        4
 Ice Form                 Ice/Tmut       0%         N/A       100%        4
 Iskenderun's Battlesphe  Conj           0%         2d6       100%        5
 Manifold Assault         Tloc           0%         N/A       100%        5
 Iron Shot                Conj/Erth      0%         9d1       100%        6
 Storm Form               Tmut/Air       0%         N/A       100%        7
 Call Imp                 Summ           Unusable   N/A       N/A         2
 Summon Forest            Summ/Tloc      Unusable   N/A       N/A         5
 Summon Mana Viper        Hex/Summ       Unusable   N/A       N/A         5
 Simulacrum               Ice/Necr       Unusable   N/A       N/A         6
 Summon Cactus Giant      Summ           Unusable   N/A       N/A         6
 Spellforged Servitor     Conj/Summ      Unusable   N/A       N/A         7

Dungeon Overview and Level Annotations

Branches:
Dungeon (14/15)            Temple (1/1) D:6            Lair (0/6) D:11
    Orc (0/2) D:11        Gauntlet (visited)
 Vaults: D:13-14

Altars:
Ashenzari
Cheibriados
Dithmenos
Elyvilon
Fedhas
Gozag
Hepliaklqana
Kikubaaqudgha
Makhleb
Nemelex Xobeh
Okawaru
Qazlal
Ru
Sif Muna
Trog
Uskayaw
Vehumet
Wu Jian
Xom
Yredelemnul
Zin
The Shining One

Shops:
D:1 (   D:7 *   D:9 *

Annotations:
D:7 3 runed translucent doors, tognito's ghost, novice MiBe


Message History

You block the freezing wraith's attack.
The death knight hits you from afar with a +3 glaive!
You block the freezing wraith's attack.
The freezing wraith hits you but does no damage.
You slash the freezing wraith!
You destroy the freezing wraith!
Okawaru accepts your kill.
You closely miss the freezing wraith. The freezing wraith closely misses you.
You block the freezing wraith's attack.
The death knight hits you from afar with a +3 glaive!
You cut the death knight into ribbons!!!
You freeze the death knight!
The death knight is heavily wounded.
The death knight reflects your damage back at you!
* * * LOW HITPOINT WARNING * * *
You can now deal lightning-fast blows.
You slash the death knight! You freeze the death knight.
The death knight is severely wounded.
The death knight reflects your damage back at you!
* * * LOW HITPOINT WARNING * * *
The death knight barely misses you.
You hit the death knight but do no damage.
The death knight is severely wounded.
You slash the death knight! You freeze the death knight.
The death knight is almost dead.
The death knight reflects your damage back at you!
* * * LOW HITPOINT WARNING * * *
Okay, then.
Okay, then.
You hit the death knight but do no damage.
The death knight is almost dead.
The death knight hits you but does no damage.
You hit the death knight but do no damage.
The death knight is almost dead.
You slash the death knight! You freeze the death knight.
You kill the death knight!
Okawaru accepts your kill. Okawaru grants you ammunition!
Something appears at your feet!
Your damage is reflected back at you!
You die...

#######+###
#.........#
#.........# #
#.........#
#.#@......[.#
#W)......<..#
#.#.........#
#.#.........#
# ###########


You could see a freezing wraith.

Vanquished Creatures
  Gastronok (D:12)
  A minotaur (Gauntlet)
  Snorg (D:11)
  Erolcha (D:9)
  A hydra (D:13)
  3 boulder beetles
  3 centaur warriors
  A death knight (D:14)
  A catoblepas (D:13)
  2 two-headed ogres
  3 death yaks (D:11)
  A hell hog (Gauntlet)
  A death drake (Gauntlet)
  A deep elf pyromancer (D:13)
  A wolf spider zombie (Gauntlet)
  2 manticores (D:13)
  An ugly thing (D:11)
  3 cyclopes
  Maurice (D:10)
  2 centaur zombies (Gauntlet)
  An eye of devastation (Gauntlet)
  A kobold demonologist (D:9)
  Psyche (D:9)
  A freezing wraith (D:14)
  6 trolls
  2 hornets
  5 slime creatures (D:12)
  4 yaks (D:10)
  A vampire (D:11)
  2 water elementals (D:12)
  2 wraiths
  2 fire bats (Gauntlet)
  2 golden eyes (Gauntlet)
  A steam dragon (D:8)
  2 vampire mosquitoes (D:12)
  Edmund (D:5)
  2 water moccasins (D:8)
  3 hell hounds (Gauntlet)
  An acid dragon (D:11)
  A black bear (D:3)
  8 orc warriors
  2 sky beasts
  2 ogres
  3 centaurs
  2 kobold brigands
  5 bullfrogs
  3 necrophages
  4 scorpions (D:5)
  4 wights
  3 killer bees (D:9)
  6 howler monkeys
  9 electric eels (D:12)
  3 jellies
  2 hounds
  9 orc priests
  3 iguanas
  10 orc wizards
  2 hell rats (D:11)
  4 gnolls
  10 adders
  A shadow imp (D:5)
  A white imp (D:5)
  An ufetubus (D:5)
  2 dart slugs (D:3)
  A worm (D:5)
  42 orcs
  7 bats
  5 endoplasms
  6 giant cockroaches
  8 goblins
  8 hobgoblins
  13 jackals
  3 quokkas
  9 ball pythons
  7 frilled lizards
  21 kobolds
  5 rats
306 creatures vanquished.

Vanquished Creatures (others)
  An unseen horror (D:13)
  A demonic plant (Gauntlet)
2 creatures vanquished.

Grand Total: 308 creatures vanquished

Notes
Turn   | Place    | Note
-------+----------+-------------------------------------------
     0 | D:1      | Crownlay the Hill Orc Fighter began the quest for the Orb.
     0 | D:1      | Reached XP level 1. HP: 19/19 MP: 1/1
    66 | D:1      | Reached skill level 3 in Axes
   167 | D:1      | Reached XP level 2. HP: 23/27 MP: 2/2
   585 | D:1      | Found Kaepn's Weapon Shop.
   598 | D:1      | Reached XP level 3. HP: 33/33 MP: 3/3
  1104 | D:2      | Found a faded altar of an unknown god.
  1127 | D:2      | Reached skill level 4 in Axes
  1328 | D:2      | Reached XP level 4. HP: 40/40 MP: 4/4
  1939 | D:3      | Reached skill level 5 in Axes
  2081 | D:3      | Reached XP level 5. HP: 47/47 MP: 5/5
  2152 | D:3      | Noticed a black bear
  2171 | D:3      | Killed a black bear
  2172 | D:3      | Reached skill level 5 in Fighting
  2172 | D:3      | Reached skill level 6 in Axes
  2172 | D:3      | Reached XP level 6. HP: 33/56 MP: 6/6
  3118 | D:4      | Reached skill level 7 in Axes
  3118 | D:4      | Reached skill level 5 in Shields
  3654 | D:5      | Entered Level 5 of the Dungeon
  3690 | D:5      | Reached XP level 7. HP: 51/61 MP: 7/7
  3966 | D:5      | Reached skill level 8 in Axes
  4116 | D:5      | Noticed Edmund
  4151 | D:5      | Killed Edmund
  4152 | D:5      | Reached skill level 1 in Throwing
  4413 | D:5      | Reached skill level 9 in Axes
  4413 | D:5      | Reached XP level 8. HP: 68/68 MP: 8/8
  4429 | D:5      | Noticed a wraith
  4453 | D:5      | Killed a wraith
  4462 | D:5      | Reached skill level 5 in Armour
  4799 | D:5      | Reached skill level 10 in Axes
  5599 | D:6      | Reached skill level 11 in Axes
  5632 | D:6      | You fall into a shaft and drop 1 floor!
  5917 | D:6      | Found a staircase to the Ecumenical Temple.
  6263 | Temple   | Entered the Ecumenical Temple
  6366 | Temple   | Became a worshipper of Warmaster Okawaru
  6450 | D:7      | Reached XP level 9. HP: 74/74 MP: 9/9
  6493 | D:7      | Reached skill level 1 in Invocations
  6970 | D:7      | Reached skill level 12 in Axes
  6978 | D:7      | Found a runed translucent gate.
  6979 | D:7      | Found a runed translucent gate.
  6981 | D:7      | Found a runed translucent gate.
  7084 | D:7      | Reached * piety under Okawaru
  7282 | D:7      | Noticed a hornet
  7290 | D:7      | Paralysed by a hornet for 1 turns
  7295 | D:7      | Paralysed by a hornet for 2 turns
  7296 | D:7      | HP: 2/74 [hornet (8)]
  7298 | D:7      | Paralysed by a hornet for 1 turns
  7300 | D:7      | Killed a hornet
  7791 | D:7      | Found Pics's General Store.
  7851 | D:7      | Noticed tognito's ghost (novice MiBe)
  8044 | D:7      | Upgraded the game from 0.29-a0-233-g1125b37a9b to
                  | 0.29-a0-234-g0dae59b3db
  8236 | D:8      | Reached skill level 13 in Axes
  8435 | D:8      | Reached ** piety under Okawaru
  8899 | D:9      | Found Mearaor's General Store.
  8905 | D:9      | Bought a scroll of teleportation for 42 gold pieces
  8905 | D:9      | Bought a scroll of identify for 28 gold pieces
  8905 | D:9      | Bought a scroll of fog for 28 gold pieces
  8908 | D:9      | Noticed Psyche
  8936 | D:9      | Killed Psyche
  8937 | D:9      | Reached skill level 5 in Throwing
  8937 | D:9      | Reached skill level 5 in Invocations
  8937 | D:9      | Reached XP level 10. HP: 54/81 MP: 10/13
  9104 | D:9      | Reached skill level 14 in Axes
  9147 | D:9      | Noticed Erolcha
  9177 | D:9      | Killed Erolcha
  9777 | D:10     | Entered Level 10 of the Dungeon
  9777 | D:10     | Noticed a kobold demonologist
  9920 | D:9      | Killed a kobold demonologist
  9920 | D:9      | Reached *** piety under Okawaru
 10149 | D:10     | Found a radiant altar of Vehumet.
 10152 | D:10     | Found a shadowy altar of Dithmenos.
 10159 | D:10     | Noticed a two-headed ogre
 10174 | D:10     | Killed a two-headed ogre
 10174 | D:10     | Reached **** piety under Okawaru
 10324 | D:10     | Noticed Maurice
 10330 | D:10     | Killed Maurice
 10331 | D:10     | Reached XP level 11. HP: 66/92 MP: 14/17
 10798 | D:11     | Found an iron altar of Okawaru.
 10834 | D:11     | Noticed a brown ugly thing
 10852 | D:11     | Killed a brown ugly thing
 10852 | D:11     | Received a gift from Okawaru
 10944 | D:11     | Noticed a death yak
 10944 | D:11     | Noticed a death yak
 10957 | D:11     | Noticed a death yak
 10959 | D:11     | Killed a death yak
 10961 | D:11     | Killed a death yak
 10964 | D:11     | Killed a death yak
 10964 | D:11     | Reached ***** piety under Okawaru
 11137 | D:11     | Noticed a centaur warrior
 11157 | D:11     | Killed a centaur warrior
 11158 | D:11     | Reached skill level 10 in Invocations
 11537 | D:11     | Found a staircase to the Lair.
 11710 | D:11     | Noticed a cyclops
 11718 | D:11     | Killed a cyclops
 11781 | D:11     | Noticed Snorg
 11801 | D:11     | Killed Snorg
 11801 | D:11     | Received a gift from Okawaru
 12415 | D:11     | Found a staircase to the Orcish Mines.
 12771 | D:12     | Reached skill level 15 in Axes
 12780 | D:12     | Reached XP level 12. HP: 63/103 MP: 19/19
 12841 | D:12     | Noticed a two-headed ogre
 12850 | D:12     | Killed a two-headed ogre
 12850 | D:12     | Received a gift from Okawaru
 12870 | D:12     | HP: 2/105 [electric eel/bolt of electricity (8)]
 13016 | D:12     | Noticed a boulder beetle
 13021 | D:12     | HP: 3/105 [boulder beetle (12)]
 13034 | D:12     | Killed a boulder beetle
 13034 | D:12     | Received a gift from Okawaru
 13042 | D:12     | Found a gate leading to a gauntlet.
 13050 | Gauntlet | Entered a Gauntlet
 13050 | Gauntlet | Found a transporter.
 13050 | Gauntlet | Found a transporter.
 13395 | Gauntlet | Found a transporter.
 13395 | Gauntlet | Found a transporter.
 13404 | Gauntlet | Found a transporter.
 13411 | Gauntlet | Noticed a death yak
 13425 | Gauntlet | Found a transporter.
 13432 | Gauntlet | Noticed a hell beast
 13433 | Gauntlet | Found a transporter.
 13433 | Gauntlet | Found a transporter.
 13454 | Gauntlet | Noticed a hell hog
 13457 | Gauntlet | Found a transporter.
 13464 | Gauntlet | Found a transporter.
 13494 | Gauntlet | Found a transporter.
 13528 | Gauntlet | Found a transporter.
 13549 | Gauntlet | Found a transporter.
 13578 | Gauntlet | Noticed a great orb of eyes
 13648 | Gauntlet | Found a transporter.
 13650 | Gauntlet | Noticed a death yak
 13650 | Gauntlet | Noticed a death yak
 13652 | Gauntlet | Noticed a death yak
 13652 | Gauntlet | Noticed a death yak
 13662 | Gauntlet | Found a transporter.
 13675 | Gauntlet | Found a transporter.
 13906 | Gauntlet | Reached skill level 16 in Axes
 14017 | Gauntlet | Reached skill level 10 in Fighting
 14072 | Gauntlet | HP: 2/106 [death drake/foul vapour (19)]
 14449 | Gauntlet | Killed a hell hog
 14485 | Gauntlet | Identified the +2 pair of boots "Oneypres" {rElec Will++
                  | Slay+2}
 14530 | Gauntlet | Noticed a minotaur
 14546 | Gauntlet | Killed a minotaur
 14655 | D:12     | Identified the +12 flail of Righteous Fury {speed, Fly
                  | rElec Str-4 Int+2}
 14703 | D:12     | Noticed Gastronok
 14714 | D:12     | Killed Gastronok
 14756 | D:12     | Noticed a boulder beetle
 14764 | D:12     | Killed a boulder beetle
 15093 | D:13     | Noticed a four-headed hydra
 15109 | D:13     | Killed a four-headed hydra
 15109 | D:13     | Received a gift from Okawaru
 15110 | D:13     | Reached XP level 13. HP: 103/117 MP: 18/21
 15317 | D:13     | Reached ****** piety under Okawaru
 15317 | D:13     | Received a gift from Okawaru
 15671 | D:14     | HP: 1/119 [mirror damage (8)]
 15674 | D:14     | Received a gift from Okawaru
 15674 | D:14     | Killed by mirror damage

Illustrated notes

Levels and vault maps discovered:
D:1:      ncdulo_smallfort, layout_loops_ring, serial_shops, nicolae_shop_stone
D:2:      layout_basic, hellmonk_ecumenical_altar_dog_temple,
          minmay_joined_circles
D:3:      layout_loops_cross, minmay_splitting_lines, kennysheep_generic_room_15
D:4:      layout_loops_ring, minmay_misc_feat_square
D:5:      layout_loops_ring, minmay_checkerbox, uniq_edmund
D:6:      layout_loops_ring, minmay_temple_entry_poolview
D:7:      layout_cave_pods, serial_shops, nicolae_shop_crystal,
          gammafunk_ghost_necromancy, minivault_27
D:8:      layout_basic, serial_aquarium, aquarium_bridge_straight
          [aquarium_subvault_bridge, aquarium_subvault_wall,
          aquarium_subvault_bridge, aquarium_subvault_window],
          aquarium_window_fake, aquarium_window_2, aquarium_view_2c,
          aquarium_pool_five, hangedman_decor_clover_reticule, grunt_decor_cap,
          kennysheep_generic_room_13
D:9:      layout_cave_pools, serial_shops, kennysheep_little_box, uniq_psyche,
          uniq_erolcha
D:10:     layout_cave_pools, chequers_temple_overflow_statue_of_worship,
          uniq_maurice
D:11:     layout_loops_cross, dpeg_lair_monsters, david_orc_4,
          chequers_serial_rivers_micro_a, kennysheep_okawaru_gauntlet,
          uniq_snorg
D:12:     layout_basic, gauntlet_entry_generic, uniq_gastronok
D:13:     layout_gridville
D:14:     layout_irregular_city, ximxim_vaults_locker_room,
          minmay_misc_feat_tiny, mikee_hates_you, uniq_lodul, uniq_jorgrun,
          uniq_frances
Temple:   regret_index_temple_chain_breaker

Skill      XL: |  1  2  3  4  5  6  7  8  9 10 11 12 13 |
---------------+----------------------------------------+-----
Axes           | 3 4 5 6 7 9 11 13 14 15 16 | 16.0
Fighting       | 4 5 7 8 11 12 | 12.3
Shields        | 4 5 7 8 |  8.5
Armour         | 4 5 8 9 |  9.4
Throwing       | 1 3 5 6 |  6.3
Invocations    | 5 9 10 11 12 | 12.0

Action                   |  1- 3 |  4- 6 |  7- 9 | 10-12 | 13-15 || total
-------------------------+-------+-------+-------+-------+-------++-------
Melee: War axe           |   141 |   134 |   278 |   343 |    42 ||   938
       Unarmed           |       |       |     8 |       |       ||     8
       Flail             |       |       |       |     7 |       ||     7
Throw: Boomerang         |       |       |    17 |    72 |    15 ||   104
       Javelin           |       |       |       |    26 |       ||    26
Invok: Heroism           |       |       |     1 |    19 |     3 ||    23
       Finesse           |       |       |       |     2 |     1 ||     3
Evoke: Wand              |       |       |     3 |    31 |     1 ||    35
  Use: Scroll            |       |       |     7 |     7 |     1 ||    15
       Potion            |       |       |     6 |     3 |       ||     9
 Stab: Invisible         |       |       |     2 |       |       ||     2
       Paralysed         |       |       |       |     5 |       ||     5
Armor: Scale mail        |    84 |    16 |       |       |       ||   100
       Chain mail        |       |    70 |   133 |   186 |    31 ||   420
Dodge: Dodged            |    83 |    53 |    95 |   134 |    13 ||   378
Block: Buckler           |    40 |    37 |    60 |    65 |    14 ||   216

Table legend: (Time is in decaauts)
 A = Elapsed time spent in this place.
 B = Non-inter-level travel time spent in this place.
 C = Inter-level travel time spent in this place.
 D = Time resting spent in this place.
 E = Time spent auto-exploring this place.
 F = Levels seen in this place.
 G = Mean time per level.
                   A        B        C        D        E       F      G
               +--------+--------+--------+--------+--------+-----+--------+
         Total |  15741 |  15114 |    627 |    520 |  11695 |  16 |  983.8 |
       Dungeon |  14059 |  13452 |    607 |    520 |  10567 |  14 | 1004.2 |
        Temple |    123 |    103 |     20 |      0 |     82 |   1 |  123.0 |
      Gauntlet |   1559 |   1559 |      0 |      0 |   1046 |   1 | 1559.0 |
               +--------+--------+--------+--------+--------+-----+--------+

Top non-repeatable levels by time:
    D:11: 1892 daAuts
     D:7: 1571 daAuts
Gauntlet: 1559 daAuts
     D:5: 1514 daAuts
     D:6: 1235 daAuts
     D:9: 1089 daAuts
     D:3: 1053 daAuts
     D:4: 945 daAuts
     D:1: 921 daAuts
    D:12: 863 daAuts
     D:2: 819 daAuts
    D:10: 782 daAuts
     D:8: 772 daAuts
    D:13: 573 daAuts
  Temple: 123 daAuts
